 Dungeon Crawl Stone Soup version 0.31-a0-188-g5e087ee2ca (webtiles) character file.

Game seed: 13286946110272159067

116 qw the Skirmisher (level 4, -2/25 HPs)
             Began as a Deep Elf Hunter on June 22, 2023.
             Succumbed to their own poison gas
             ... on level 3 of the Dungeon.
             The game lasted 00:00:38 (1752 turns).

qw the Skirmisher (Deep Elf Hunter)                 Turns: 1752, Time: 00:00:38

Health: -2/25      AC:  4    Str: 10    XL:     4   Next: 70%
Magic:  6/6        EV: 12    Int: 14    God:
Gold:   61         SH:  0    Dex: 18    Spells: 3/3 levels left

rFire   . . .        k - +0 shortbow (heavy)
rCold   . . .        (shield currently unavailable)
rNeg    . . .        c - +0 leather armour
rPois   .            (no helmet)
rElec   .            (no cloak)
rCorr   .            e - +0 pair of gloves
SInv    +            (no boots)
Will    .....        (no amulet)
Stlth   +            d - ring of see invisible
HPRegen 0.24/turn    (no ring)
MPRegen 0.10/turn

%: no passive effects
@: lethally poisoned (-2 -> -29), very slow
A: wild magic 1, inability to read after injury 1
a: no special abilities


You were on level 3 of the Dungeon.
You visited 1 branch of the dungeon, and saw 3 of its levels.

You collected 146 gold pieces.
You spent 85 gold pieces at shops.


Innate Abilities, Weirdness & Mutations

Your spells are a little harder to cast, but a little more powerful.
You occasionally lose the ability to read scrolls when taking damage.


   Skills:
 - Level 1.5 Fighting
 + Level 8.1 Ranged Weapons
 - Level 2.4 Dodging
 - Level 1.2 Stealth


You had 3 spell levels left.
You didn't know any spells.
Your spell library was empty.

Inventory:

Hand Weapons
 k - a +0 heavy shortbow (weapon)
Armour
 c - a +0 leather armour (worn)
 e - a +0 pair of gloves (worn)
Jewellery
 d - a ring of see invisible (left hand)
Scrolls
 a - a scroll of identify
Potions
 f - 2 potions of curing
 i - a potion of cancellation {unknown}
 j - a potion of attraction {unknown}

Dungeon Overview and Level Annotations

Branches:
Dungeon (3/15)

Altars:

Shops:
D:2 [

Annotations:
D:2 1 runed translucent door, Crazy Yiuf


Message History

Enter note:
Enter note:
Enter note:
Enter note:
Enter note:
1749 ||| READING scroll labelled GIMEASS ERUA.
The air fills with toxic fumes!
As you read the scroll labelled GIMEASS ERUA, it crumbles to dust.
It was a scroll of poison.
The goblin hits the plant with a +0 club.
The plant begins to die.
Enter note:
Enter note:
Enter note: Really walk into that cloud of poison gas?
You are engulfed in poison gas.
You are poisoned.
You feel very sick.
The goblin hits the plant with a +0 club. x2
Enter note:
Enter note:
Enter note:
Enter note:
Enter note:
Enter note:
Enter note:
Enter note:
Enter note:
Enter note:
Enter note:
Enter note:
1751 ||| FLEEEEING.
You feel very sick.
A nearby plant withers and dies.
Enter note:
Enter note:
Enter note: Really walk into that cloud of poison gas?
You are engulfed in poison gas.
You are lethally poisoned!
You die... ~~~ ~P# ~~ P¤. .P ¤¤P.
P 77¤¤P¤. .### ~7¤7¤P¤¤.
PPPP~

77¤¤¤~¤¤#
.¤¤¤¤77¤¤¤¤g¤#
###+## ~~7P¤¤¤¤@P#
....%. P¤¤P¤0¤~###
..... .¤¤####¤# .#
###. #######¤####.#
#. ......¤¤.....#
########.
.######¤###..#
......... #¤# #..#
......... #¤#
#..#...........
#.###..#..........>


You could see a goblin.

Vanquished Creatures
  An iguana (D:3)
  3 adders
  A white imp (D:3)
  2 dart slugs
  2 orcs (D:3)
  4 ball pythons
  4 endoplasms
  2 giant cockroaches
  4 goblins
  7 hobgoblins
  3 jackals (D:1)
  2 quokkas
  A bat (D:1)
  4 frilled lizards
  6 kobolds
  3 rats (D:1)
49 creatures vanquished.

Notes
Turn   | Place    | Note
-------+----------+-------------------------------------------
     0 | D:1      | qw the Deep Elf Hunter began the quest for the Orb.
     0 | D:1      | Reached XP level 1. HP: 12/12 MP: 3/3
     0 | D:1      | 0 ||| qw: Version: 0.3-a-9-g12657ce
     0 | D:1      | 0 ||| qw: Game counter: 2905
     0 | D:1      | 0 ||| qw: Always use a shield: true
     0 | D:1      | 0 ||| qw: God list: Okawaru
     0 | D:1      | 0 ||| qw: Allow faded altars: false
     0 | D:1      | 0 ||| qw: Do Orc after D:15 true
     0 | D:1      | 0 ||| qw: Do second Lair branch before Depths: true
     0 | D:1      | 0 ||| qw: Lair rune preference: random
     0 | D:1      | 0 ||| qw: Plans: Normal
     0 | D:1      | 0 ||| PLANNING D:1-11
    69 | D:1      | 69 ||| FLEEEEING.
    90 | D:1      | Reached skill level 6 in Ranged Weapons
    90 | D:1      | Reached XP level 2. HP: 16/16 MP: 4/4
   452 | D:1      | 452 ||| DROPPING amulet of magic regeneration.
   453 | D:1      | 453 ||| READING 3 scrolls labelled OHAFFU ITTONTI.
   454 | D:1      | 454 ||| READING scroll labelled FIZXUU ZEOW.
   455 | D:1      | 455 ||| READING scroll labelled TEITWY DUNWOOC.
   456 | D:1      | 456 ||| READING 2 scrolls of identify.
   456 | D:1      | 456 ||| IDENTIFYING bubbling brown potion
   457 | D:1      | 457 ||| DROPPING scroll of butterflies.
   519 | D:2      | Reached XP level 3. HP: 20/20 MP: 5/5
   609 | D:2      | Found Maugriv's Antique Armour Boutique.
   615 | D:2      | 615 ||| BUYING pair of gloves (85 gold).
   615 | D:2      | Bought a pair of gloves for 85 gold pieces
   615 | D:2      | 615 ||| SHOPLISTING ring mail (76 gold, have 3).
   615 | D:2      | 615 ||| SHOPLISTING runed scale mail (133 gold, have 3).
   615 | D:2      | 615 ||| SHOPLISTING thick robe (108 gold, have 3).
   784 | D:2      | Reached skill level 7 in Ranged Weapons
   864 | D:2      | Found a runed translucent door.
   865 | D:2      | Noticed Crazy Yiuf
  1276 | D:2      | 1276 ||| UPGRADING to +0 pair of gloves.
  1281 | D:2      | 1281 ||| UPGRADING to ring of see invisible.
  1282 | D:2      | 1282 ||| READING scroll labelled XUID XIEVEJEN.
  1283 | D:2      | 1283 ||| READING scroll labelled SUSTIG NOTA.
  1337 | D:2      | 1337 ||| DRINKING 2 silvery potions.
  1337 | D:2      | Gained mutation: You are dopey. (Int -2) [potion of
                  | mutation]
  1337 | D:2      | Gained mutation: You occasionally lose the ability to read
                  | scrolls when taking damage. [potion of mutation]
  1337 | D:2      | Gained mutation: You are weak. (Str -2) [potion of
                  | mutation]
  1338 | D:2      | 1338 ||| DRINKING potion of mutation.
  1338 | D:2      | Lost mutation: You are dopey. (Int -2) [potion of mutation]
  1338 | D:2      | Lost mutation: You are weak. (Str -2) [potion of mutation]
  1338 | D:2      | Gained mutation: Your spells are a little harder to cast,
                  | but a little more powerful. [potion of mutation]
  1339 | D:2      | 1339 ||| READING 2 scrolls of identify.
  1339 | D:2      | 1339 ||| IDENTIFYING fuming black potion
  1340 | D:2      | 1340 ||| DROPPING potion of brilliance.
  1411 | D:3      | Reached XP level 4. HP: 25/25 MP: 6/6
  1676 | D:3      | Reached skill level 8 in Ranged Weapons
  1749 | D:3      | 1749 ||| READING scroll labelled GIMEASS ERUA.
  1751 | D:3      | 1751 ||| FLEEEEING.
  1752 | D:3      | Succumbed to their own poison gas

Levels and vault maps discovered:
D:1:      lemuel_arrival_broad_hall, layout_rooms, minmay_heptomino_o4
D:2:      layout_basic, serial_shops, nicolae_shop_waterfront,
          uniq_crazy_yiuf_cottage
D:3:      layout_basic, lemuel_doored_altar, serial_bayou_lagoon_a, uniq_terence

Skill      XL: |  1  2  3  4 |
---------------+-------------+-----
Ranged Weapons | 6 7 8 |  8.1
Fighting       | |  1.5
Dodging        | |  2.4
Stealth        | |  1.2

Action                     |  1- 3 |  4- 6 || total
---------------------------+-------+-------++-------
   Fire: Shortbow          |    98 |    25 ||   123
    Use: Scroll            |     7 |     1 ||     8
         Potion            |     2 |       ||     2
 Armour: Leather armour    |     7 |     1 ||     8
  Dodge: Dodged            |    21 |     4 ||    25

Table legend:
 A = Non-vault XP
 B = Vault XP
 C = Vault XP percentage of total XP
 D = Non-vault monster count
 E = Vault monster count
 F = Vault count percentage of total count
                 A         B        C        D         E       F
            +---------+---------+-------+---------+---------+-------
      Total |     165 |       2 |   1.2 |      48 |       1 |   2.0
            +---------+---------+-------+---------+---------+-------
        D:1 |      38 |       2 |   5.0 |      23 |       1 |   4.2
        D:2 |      31 |       0 |   0.0 |      10 |       0 |   0.0
        D:3 |      96 |       0 |   0.0 |      15 |       0 |   0.0
            +---------+---------+-------+---------+---------+-------
